 Dungeon Crawl Stone Soup version 0.31-a0-614-gc85dc1c48c (webtiles) character file.

Game seed: 2423592952051462017

196 CrazyBamboolord the Changeling (level 5, -2/33 HPs)
             Began as an Octopode Shapeshifter on Aug 22, 2023.
             Slain by a river rat (5 damage)
             ... on level 3 of the Dungeon.
             The game lasted 00:03:49 (1669 turns).

CrazyBamboolord the Changeling (OpSh)               Turns: 1669, Time: 00:03:51

Health: -2/33      AC:  1    Str: 16    XL:     5   Next: 74%
Magic:  5/5        EV: 13    Int: 10    God:
Gold:   121        SH:  0    Dex: 13    Spells: 4/4 levels left

rFire   . .          .
                       - Unarmed
rCold   . . .        (no shield)
rNeg    . . .        (helmet currently unavailable)
rPois   .            (no amulet)
rElec   .            (no ring)
rCorr   .            (no ring)
SInv    .            (no ring)
Will    .....        (no ring)
Stlth   +++          (no ring)
HPRegen 0.25/turn    (no ring)
MPRegen 0.09/turn    (no ring)
                     (no ring)

%: no passive effects
@: beast-form
A: beast (slay +3), almost no armour, amphibious, 8 rings, camouflage 1,
gelatinous body 1, nimble swimmer 1, tentacles
a: Begin Untransformation


You were on level 3 of the Dungeon.
You were a hulking beast.
You visited 1 branch of the dungeon, and saw 3 of its levels.
You also visited: Sewer.

You collected 121 gold pieces.

Inventory:

Missiles
 d - a throwing net (quivered)
Talismans
 b - a beast talisman (active)
 c - a flux talisman
Wands
 n - a wand of roots (13)
Scrolls
 e - a scroll of poison
 j - a scroll of noise
 m - a scroll of brand weapon
 o - a scroll of immolation {unknown}
Potions
 a - a potion of lignification
 f - a potion of brilliance
 g - a potion of enlightenment {unknown}
 h - a potion of resistance
 k - a potion of mutation {unknown}
 l - a potion of invisibility {unknown}


   Skills:
 - Level 1.0 Fighting
 - Level 2.0 Dodging
 - Level 3.0 Unarmed Combat
 + Level 5.4 Shapeshifting


You had 4 spell levels left.
You didn't know any spells.
Your spell library was empty.

Dungeon Overview and Level Annotations

Branches:
Dungeon (3/15)              Sewer (visited)

Altars:
Xom


Innate Abilities, Weirdness & Mutations

You are a hulking beast.
Your limbs bulge with bestial killing power. (Slay +3)
You cannot wear most types of armour.
You are amphibious.
You can wear up to eight rings at the same time.
Your skin changes colour to match your surroundings (Stealth+).
Your rubbery body absorbs attacks. (AC +1, EV +1)
You are camouflaged when in or above water. (Stealth+)
You have tentacles for arms and can constrict up to eight enemies at once.


Message History

The frilled lizard closely misses you. The river rat barely misses you.
The river rat misses you.
You barely miss the river rat. Your grab misses the river rat.
The river rat barely misses you. The frilled lizard misses you.
The river rat completely misses you.
You miss the frilled lizard. You grab the frilled lizard.
You squeeze the frilled lizard.
You kill the frilled lizard!
The river rat bites you.
You tentacle-slap the river rat. You grab the river rat.
The river rat is lightly wounded.
You constrict the river rat. The river rat barely misses you.
The river rat bites you. The rat misses you.
You release your grip on the river rat.
You enter the shallow water.
The river rat closely misses you. The rat bites you. The river rat bites you.
The river rat attacks as it pursues you!
The river rat bites you!
The river rat attacks as it pursues you!
The river rat bites you.
* * * LOW HITPOINT WARNING * * *
The river rat attacks as it pursues you!
The river rat closely misses you.
You feel better. The river rat barely misses you. The river rat bites you!
* * * LOW HITPOINT WARNING * * *
You feel better. The river rat misses you.
The river rat bites you but does no damage.
You barely miss the rat. You grab the rat. You constrict the rat.
The rat misses you. The river rat completely misses you.
You bludgeon the rat!
You kill the rat!
The river rat bites you. The river rat closely misses you.
You tentacle-slap the river rat. Your grab misses the river rat.
The river rat is moderately wounded.
The rat bites you.
* * * LOW HITPOINT WARNING * * *
The river rat bites you.
* * * LOW HITPOINT WARNING * * *
The river rat bites you.
You die...

#####.# ...##.#
############# .#.##.##
#...........#
##.##..#####...........#
#8.8##.........).......#
.......####.#...~~~....#
#8.8#### #.#..~~~~~†..#
##.## #....~rr~~..$#
...# ##...~hr~~...# ^.##
##...~†~....# ###
#..........# #
#..........# #
###..####### # ##.# #
#.# # #.# #


You could see 2 river rats and a rat.

Vanquished Creatures
  A water moccasin (Sewer)
  2 adders (D:2)
  3 dart slugs
  An orc (D:3)
  5 endoplasms
  4 giant cockroaches
  8 goblins
  2 hobgoblins (D:1)
  3 jackals
  4 kobolds
  2 quokkas
  4 ball pythons
  10 bats
  3 frilled lizards
  5 rats
57 creatures vanquished.

Notes
Turn   | Place    | Note
-------+----------+-------------------------------------------
     0 | D:1      | CrazyBamboolord the Octopode Shapeshifter began the quest
                  | for the Orb.
     0 | D:1      | Reached XP level 1. HP: 13/13 MP: 1/1
    81 | D:1      | Reached XP level 2. HP: 18/18 MP: 2/2
   338 | D:1      | Reached XP level 3. HP: 18/23 MP: 3/3
   551 | D:2      | Reached skill level 4 in Shapeshifting
   618 | D:2      | Found a shimmering altar of Xom.
   701 | D:2      | Reached XP level 4. HP: 28/28 MP: 4/4
  1214 | D:3      | Found a faded altar of an unknown god.
  1453 | D:3      | Found a glowing drain.
  1463 | Sewer    | Entered a sewer
  1534 | Sewer    | Noticed a water moccasin
  1543 | Sewer    | Killed a water moccasin
  1544 | Sewer    | Reached skill level 5 in Shapeshifting
  1544 | Sewer    | Reached XP level 5. HP: 15/33 MP: 5/5
  1669 | D:3      | Slain by a river rat

Illustrated notes

Levels and vault maps discovered:
D:1:      spicycebolla_arrival_clurvy, layout_rooms
D:2:      layout_basic, basic_altar, hex_medium
D:3:      layout_loops_ring, shapermc_ecumenical_altar_starsandcircs,
          portal_sewer_entry_a, grunt_ministairs_14, small_statue_intersection

Skill      XL: |  1  2  3  4 |
---------------+-------------+-----
Shapeshifting  | 4 5 |  5.4
Fighting       | |  1.0
Dodging        | |  2.0
Unarmed Combat | |  3.0

Action                     |  1- 3 |  4- 6 || total
---------------------------+-------+-------++-------
  Melee: Unarmed           |    60 |    44 ||   104
         Constrict         |    17 |    11 ||    28
         Tentacles         |    11 |     7 ||    18
         Punch             |     1 |       ||     1
  Throw: Throwing net      |       |     1 ||     1
    Use: Scroll            |       |     4 ||     4
         Potion            |       |     5 ||     5
   Stab: Sleeping          |     5 |     5 ||    10
 Armour: Skin              |     4 |     3 ||     7
  Dodge: Dodged            |    26 |    38 ||    64

Table legend: (Time is in decaauts)
 A = Elapsed time spent in this place.
 B = Non-inter-level travel time spent in this place.
 C = Inter-level travel time spent in this place.
 D = Time resting spent in this place.
 E = Time spent auto-exploring this place.
 F = Levels seen in this place.
 G = Mean time per level.
                   A        B        C        D        E       F      G
               +--------+--------+--------+--------+--------+-----+--------+
         Total |   1662 |   1604 |     58 |     76 |    938 |   4 |  415.5 |
       Dungeon |   1472 |   1414 |     58 |      0 |    886 |   3 |  490.7 |
         Sewer |    189 |    189 |      0 |     76 |     52 |   1 |  189.0 |
               +--------+--------+--------+--------+--------+-----+--------+

Top non-repeatable levels by time:
     D:2: 632 daAuts
     D:1: 537 daAuts
     D:3: 303 daAuts
   Sewer: 189 daAuts
